 Dungeon Crawl Stone Soup version 0.15-a0-134-gcf47855 (webtiles) character file.

1519 PolkaDot the Slicer (level 8, -29/61 HPs)
             Began as a Vampire Gladiator on Apr 12, 2014.
             Killed from afar by a wight (30 damage)
             ... with an exploding inner flame
             ... on Level 6 of the Dungeon.
             The game lasted 00:21:25 (4082 turns).

PolkaDot the Slicer (Vampire Gladiator)             Turns: 4082, Time: 00:21:25

HP -29/61        AC  5     Str 14      XL: 8   Next: 31%
MP   8/8         EV 20     Int 10      God:
Gold 223         SH  0     Dex 21      Spells:  0 memorised,  7 levels left

rFire  . . .     SeeInvis +     p - +1,+2 cutlass (venom)
rCold  + . .     Clarity  .     b - +1 leather armour
rNeg   . . .     Conserve .     (no shield)
rPois  +         rCorr    .     c - +0 helmet
rElec  .         rRot     .     (no cloak)
SustAb . .       Spirit   .     (no gloves)
rMut   .         Warding  .     (no boots)
Saprov . . .     Stasis   .     a - amulet of faith
MR     .....                    i - ring of protection from cold
                                f - ring of poison resistance

@: regenerating quickly, agile, not resistant to hostile enchantments, stealthy
A: bottle blood, fangs 3, see invisible, unbreathing
a: Bottle Blood


You were on level 6 of the Dungeon.
You were full.

You visited 1 branch of the dungeon, and saw 6 of its levels.

You collected 223 gold pieces.

Inventory:

Hand weapons
 p - a +1,+2 cutlass of venom (weapon)
Missiles
 d - 3 throwing nets (quivered)
Armour
 b - a +1 leather armour (worn)
 c - a +0 helmet (worn)
 l - the +0 robe of Space {Int+3 Dam-1, unknown}
   (You took it off Blork the orc on level 5 of the Dungeon)

   It affects your intelligence (+3).
   It affects your damage with ranged weapons and melee attacks (-1).
Magical devices
 g - a wand of frost (10)
 n - a wand of flame (9)
Scrolls
 r - 4 scrolls of remove curse
Jewellery
 a - an amulet of faith (around neck)
 f - a ring of poison resistance (left hand)
 h - an uncursed amulet of resist mutation
 i - a ring of protection from cold (right hand)
 q - an uncursed ring of protection from magic
 u - an uncursed ring of wizardry
Potions
 j - a potion of flight
Books
 e - a book of Conjurations

   Spells                             Type                      Level
   Magic Dart                         Conjuration                  1
   Searing Ray                        Conjuration                  2
   Dazzling Spray                     Conjuration/Hexes            3
   Fulminant Prism                    Conjuration/Hexes            4
   Iskenderun's Mystic Blast          Conjuration                  4
   Iskenderun's Battlesphere          Conjuration/Charms           5


   Skills:
 - Level 4.6 Fighting
 * Level 9.6 Short Blades
 - Level 1.5 Throwing
 + Level 4.8 Dodging


You had 7 spell levels left.
You didn't know any spells.

Dungeon Overview and Level Annotations

Branches:
Dungeon (6/15)
 Temple: D:4-7

Altars:
Dithmenos
Nemelex Xobeh

Shops:
D:5 }

Annotations:
D:2 1 exclusion
D:3 Natasha


Innate Abilities, Weirdness & Mutations

Your natural rate of healing is unusually fast.
You can bottle blood from corpses.
You have razor-sharp teeth.*
You have supernaturally acute eyesight.
You can survive without breathing.*


Message History

You hit the wight but do no damage. The orc misses you.
You slash the wight! Your bite misses the wight.
The wight is severely damaged.
The wight hits you but does no damage. The wight misses you.
You closely miss the wight.
The wight is severely damaged.
The orc barely misses you. The wight completely misses you.
The wight barely misses you.
Unknown command.
You puncture the wight!
The wight explodes!
The fiery explosion engulfs the wight.
The fiery explosion engulfs the orc wizard.
The orc wizard explodes!
The fiery explosion engulfs the wight.
The wight explodes!
The fiery explosion engulfs the orc.
The orc explodes!
The fiery explosion engulfs you!
You die...

###
##....#......#####
# ##.####....### #
### #....##.## #
##.......## .#
##.....#.## ##
##§§§§...## #
#§§§##...#
##§####.## ##@##
### #...# ##.##
###


There were no monsters in sight!

Vanquished Creatures
  Prince Ribbit (D:5)
  An orc warrior (D:6)
  2 ogres
  A centaur (D:5)
  2 phantoms
  A giant frog (D:6)
  Blork the orc (D:5)
  4 wights (D:5)
  2 hounds
  2 worker ants
  Jessica (D:3)
  A big kobold skeleton (D:6)
  Terence (D:2)
  3 adders
  A giant mite (D:6)
  3 worms (D:3)
  4 giant geckos
  An ooze (D:5)
  3 orcs
  10 bats
  5 giant cockroaches
  7 goblins
  10 hobgoblins
  3 jackals (D:6)
  4 giant newts
  A goblin zombie (D:5)
  11 kobolds
  12 rats
  A rat skeleton (D:5)
99 creatures vanquished.

Vanquished Creatures (others)
  A wight (D:6)
  An orc wizard (D:6)
  An orc (D:6)
3 creatures vanquished.

Grand Total: 102 creatures vanquished

Notes
Turn   | Place    | Note
--------------------------------------------------------------
     0 | D:1      | PolkaDot, the Vampire Gladiator, began the quest for the Orb.
     0 | D:1      | Reached XP level 1. HP: 16/16 MP: 1/1
   297 | D:1      | Reached XP level 2. HP: 15/22 MP: 2/2
   973 | D:2      | Reached skill level 4 in Short Blades
   997 | D:2      | Reached XP level 3. HP: 20/28 MP: 3/3
  1213 | D:2      | Found a shadowy altar of Dithmenos.
  1217 | D:2      | Noticed Terence
  1223 | D:2      | Killed Terence
  1646 | D:3      | Reached XP level 4. HP: 34/34 MP: 4/4
  1702 | D:3      | Found a sparkling altar of Nemelex Xobeh.
  1744 | D:3      | Noticed Jessica
  1760 | D:3      | Killed Jessica
  1933 | D:3      | Reached skill level 5 in Short Blades
  2150 | D:3      | Noticed Natasha
  2192 | D:5      | Entered Level 5 of the Dungeon
  2192 | D:5      | Noticed a centaur
  2201 | D:5      | Killed a centaur
  2201 | D:5      | Reached XP level 5. HP: 16/41 MP: 5/5
  2364 | D:5      | Noticed Prince Ribbit
  2389 | D:5      | Killed Prince Ribbit
  2389 | D:5      | Reached skill level 6 in Short Blades
  2389 | D:5      | Reached XP level 6. HP: 13/48 MP: 6/6
  2437 | D:5      | Noticed Blork the orc
  2548 | D:5      | Killed Blork the orc
  2548 | D:5      | Reached skill level 7 in Short Blades
  2553 | D:5      | Got a warped robe
  2682 | D:5      | Noticed an ogre
  2691 | D:5      | Killed an ogre
  2691 | D:5      | Reached XP level 7. HP: 44/55 MP: 7/7
  2722 | D:5      | Found Qitzamem's Gadget Shop.
  3105 | D:4      | Noticed a phantom
  3205 | D:4      | Killed a phantom
  3339 | D:5      | Reached skill level 8 in Short Blades
  3895 | D:6      | Reached skill level 9 in Short Blades
  3895 | D:6      | Reached XP level 8. HP: 49/61 MP: 8/8
  4077 | D:6      | HP: 1/61 [wight/glowing trident (7)]
  4082 | D:6      | Killed from afar by a wight

Action                   |  1- 3 |  4- 6 |  7- 9 || total
-------------------------+-------+-------+-------++-------
Melee: Cutlass           |   119 |   153 |   197 ||   469
Evoke: Wand              |     5 |       |       ||     5
  Use: Potion            |     4 |     7 |     2 ||    13
       Scroll            |     3 |     8 |     5 ||    16
